 Dungeon Crawl Stone Soup version 0.11-b1-109-g4b0fc20 (console) character file.

1329767 clouded the Slayer (level 27, 193/230 HPs)
             Began as a Sludge Elf Priest on Sept 9, 2012.
             Was a High Priest of Zin.
             Escaped with the Orb
             ... and 3 runes on Sept 10, 2012!
             The game lasted 08:55:12 (109439 turns).

clouded the Slayer (Sludge Elf Priest)            Turns: 109439, Time: 08:55:12

HP 193/230       AC 18     Str 19      XL: 27
MP  38/42        EV 40     Int 29      God: Zin [*****.]
Gold 1718        SH  0     Dex 27      Spells: 15 memorised,  2 levels left

Res.Fire  : + . .   See Invis. : .   a - +6,+2 lajatang (speed)
Res.Cold  : + . .   Warding    : +   F - +3 leather armour "Caozuzeyn" {rF+ Dex+2}
Life Prot.: + . .   Conserve   : .   (no shield)
Res.Poison: .       Res.Corr.  : .   k - +2 wizard hat {MR}
Res.Elec. : .       Clarity    : .   L - +3 cloak of Flash {+Lev EV+4}
Sust.Abil.: . .     Spirit.Shd : .   n - +2 pair of orc gloves
Res.Mut.  : +       Stasis     : .   l - +2 pair of boots of the Assassin {+Inv Dex Res.Rott. : . Ctrl.Telep.: x A - amulet of warding Saprovore : . . . Levitation : . S - ring of Vitality {Regen HP+15} Ctrl.Flight: . j - ring "Wometom" {rC+ Acc+2 Dam+2}

@: vitalised, very slightly contaminated, hasted, very quick, extremely
resistant to hostile enchantments, fairly stealthy
A: Dex -1
a: Recite, Vitalisation, Imprison, Sanctuary, Renounce Religion, Evoke
Invisibility, Evoke Levitation
}: 3/15 runes: decaying, silver, gossamer


You escaped.
You worshipped Zin.
Zin was exalted by your worship.
You were not hungry.

You visited 11 branches of the dungeon, and saw 71 of its levels.
You visited 2 bazaarss.
You also visited: Trove, Ice Cave, Volcano and Wizlab.

You collected 7620 gold pieces.
You spent 4661 gold pieces at shops.
You donated 1261 gold pieces.


   Skills:
 + Level 23.8 Fighting
 - Level 10.0 Short Blades
 - Level 16.0 Staves
 - Level 22.5 Dodging
 - Level 14.9 Stealth
 - Level 15.7 Stabbing
 - Level 5.0 Traps & Doors
 - Level 5.6 Unarmed Combat
 - Level 12.5 Spellcasting
 - Level 12.9 Hexes
 - Level 11.0 Charms
 - Level 3.2 Translocations
 - Level 4.5 Transmutations
 - Level 4.0 Earth Magic
 - Level 16.1 Invocations


You had 2 spell levels left.
You knew the following spells:

 Your Spells              Type           Power        Failure   Level  Hunger
e - Dig                   Trmt/Erth      ######...    10%         4    None
f - Confuse               Hex            ########.    1%          3    None
h - Ensorcelled Hibernat  Hex/Ice        #######      1%          2    None
i - Flight                Chrm/Air       #######...   1%          3    None
l - Passwall              Trmt/Erth      ######....   1%          3    None
n - Enslavement           Hex            ########.    1%          4    None
o - Repel Missiles        Chrm/Air       #######...   1%          2    None
p - Apportation           Tloc           ######....   1%          1    None
q - Control Teleport      Chrm/Tloc      #######...   1%          4    None
s - Swiftness             Chrm/Air       #######...   1%          2    None
u - Tukima's Dance        Hex            ########..   1%          3    None
A - Haste                 Chrm           #######..    8%          6    ####...
B - Blink                 Tloc           N/A          1%          2    None
I - Invisibility          Hex            ########.    2%          6    ####...
L - Insulation            Chrm/Air       #######...   3%          4    None


Dungeon Overview and Level Annotations

Branches:
Dungeon (27/27)            Temple (1/1) D:4             Orc (4/4) D:8
    Elf (2/3) Orc:3          Lair (8/8) D:13          Swamp (5/5) Lair:6
 Spider (5/5) Lair:4       Vaults (8/8) D:14          Blade (1/1) Vaults:5
  Crypt (5/5) Vaults:3       Tomb (0/3) Crypt:2         Zot (5/5) D:27
  Slime: Lair:6-8

Altars:
Cheibriados
Elyvilon
Fedhas
Nemelex Xobeh
Okawaru
Sif Muna
Trog
Vehumet
Xom
Yredelemnul
Zin
the Shining One
Beogh
Lugonu

Shops:
D:4: + D:12: %* D:27: ! Orc:2: ( Orc:4: [[[/% Elf:1: = Vaults:2: / Vaults:3: * Vaults:4: [/[ Vaults:5: ! Vaults:8: !%!

Portals:
Hell: D:21* D:22 D:23 D:24 D:25 D:26 D:27
Abyss: D:21 D:25 D:27
Pandemonium: D:24 D:26

Annotations
D:7 exclusions: centaur, door and 2 killer bees
D:12 exclusions: cyclops and 2 doors
D:15 Nergalle
D:16 exclusion: oklob plant
D:18 exclusion: fire elemental, Azrael, Norris
D:19 exclusion: rock worm
D:21 1 exclusion, aleksiL's ghost, mighty HEHu
D:22 Mennas
D:23 exclusions: sphinx and 2 more exclusions, Saint Roka
D:25 exclusion: sphinx
D:27 exclusion: death drake
Lair:6 exclusion: oklob plant
Lair:7 exclusion: oklob plant
Spider:2 Arachne
Spider:4 Rupert
Vaults:2 exclusions: sphinx, 4 statues and 1 more exclusion
Vaults:6 exclusion: door Blade Xtahua
Crypt:3 1 exclusion, Khufu
Crypt:4 exclusion: curse skull


Innate Abilities, Weirdness & Mutations

You are clumsy (Dex -1).

Inventory:

Hand weapons
 a - a +6,+2 lajatang of speed (weapon)
 b - a +6,+4 dagger of freezing
Missiles
 r - 8 stones (quivered)
Armour
 k - a +2 wizard hat of magic resistance (worn)
 l - the +2 pair of boots of the Assassin (worn) {+Inv Dex+3 Stlth++}
   (You bought it in a shop on level 4 of the Orcish Mines)

   It affects your dexterity (+3).
   It lets you turn invisible.
   It makes you much more stealthy.
 n - a +2 pair of orcish gloves (worn)
 F - the +3 leather armour "Caozuzeyn" (worn) {rF+ Dex+2}
   (You found it on level 1 of the Spider Nest)

   It affects your dexterity (+2).
   It protects you from fire.
 L - the +3 cloak of Flash (worn) {+Lev EV+4}
   (You found it on level 4 of the Spider Nest)

   It affects your evasion (+4).
   It lets you levitate.
Magical devices
 c - a wand of cold (0)
 m - a wand of digging (6)
 s - a wand of teleportation (8)
 N - a wand of disintegration (5)
 R - a wand of heal wounds (9)
Comestibles
 o - 4 bread rations
 p - 6 apples
Scrolls
 t - 2 scrolls of identify
 u - 3 scrolls of remove curse
 B - 2 scrolls of silence
 H - 2 scrolls of magic mapping
 M - 2 scrolls of blinking
 U - 10 scrolls of recharging
 Z - 4 scrolls of teleportation
Jewellery
 d - the ring of Sloth {SustAb Dex+1 Int+5}
   (You found it on level 7 of the Lair of Beasts)

   [ring of sustain abilities]

   It affects your intelligence (+5).
   It affects your dexterity (+1).
 e - an uncursed ring of see invisible
 h - the ring "Geruwyef" {rF+ Int+2}
   (You found it on level 8 of the Vaults)

   [ring of protection from fire]

   It affects your intelligence (+2).
 j - the ring "Wometom" (left hand) {rC+ Acc+2 Dam+2}
   (You found it in a treasure trove)

   [ring of slaying]

   It affects your accuracy (+2).
   It affects your damage-dealing abilities (+2).
   It protects you from cold.
 q - an uncursed ring of teleportation
 A - an amulet of warding (around neck)
 C - a +5 ring of evasion
 G - the ring of Nifuof {+Lev Dex+3 Dam+5}
   (You found it in a treasure trove)

   [ring of levitation]

   It affects your dexterity (+3).
   It affects your damage-dealing abilities (+5).
 P - an uncursed ring of teleport control
 S - the ring of Vitality (right hand) {Regen HP+15}
   (You found it on level 3 of the Crypt)

   [ring of regeneration]

   It affects your health (+15).
Potions
 g - 2 potions of might
 v - 7 potions of heal wounds
 x - 2 potions of agility
 z - 12 potions of curing
 X - 3 potions of resistance
Magical staves
 w - an uncursed staff of wizardry
Orbs of Power
 f - the Orb of Zot


Message History

A stone staircase leading down.
This square is covered in magical glow.
The Hell Sentinel completely misses you.
Casting: Repel Missiles
Aiming: Haste You feel yourself speed up.
The giant cockroach completely misses you.
The Hell Sentinel hits you! The Hell Sentinel misses you.
Your repel missiles spell is about to expire...
The Hell Sentinel gestures at you.
The hellfire explodes!
The blast of hellfire engulfs you!
You see here 16 darts.
You see here a dart.
There is a staircase leading out of the dungeon here.
Use which ability? (? or * to list) Zin grants you divine stamina.
You feel somewhat less hungry. Are you sure you want to win?
You feel less protected from missiles.
You have escaped!

.#######.###########.#.#
#.# .# #.P{{{{{{{{{P.#.#
#.# ## .# #..P{{{{{{{P..#.#
#.# #. )# #...P{{{{{P...#.#
#.# #. .# #....P{{{P....#.#
#.# #. .# #.....P{P.....#.#
#.# #. .#
#......P......#(###.#####.
.#
#.............1......o....
.#
#....<.<.e....#(###.#####.
.# #............##.# #.# #.
.# #......P.....##.# #.# #.
.#
#.....P{P....##.###.######
.#
#....P{{{P...##..........#
.#
#...P{{{{{P..##..........#
.#
#..P{{{{{{{P.##..........#
.#
##.P{{{{{{{{{P##..........#
.#
#..#############..........#


You could see a Hell Sentinel.

Vanquished Creatures
  4 orbs of fire (Zot:5)
  5 ancient liches
  A curse toe (Zot:5)
  the Lernaean hydra (Swamp:5)
  Margery (Crypt:4)
  2 Killer Klowns (Zot:5)
  3 golden dragons
  19 Orb Guardians (Zot:5)
  5 tentacled monstrosities
  2 titans (Vaults:8)
  A lich (Crypt:5)
  A quicksilver dragon (Vaults:8)
  5 sphinxes
  8 storm dragons
  Agnes (D:15)
  11 shadow dragons
  Frances (D:19)
  2 draconian monks (Zot:5)
  7 frost giants
  2 ghouls (Crypt:3)
  4 bone dragons
  A balrug (Zot:5)
  An iron dragon (Vaults:8)
  Louise (Spider:4)
  6 ghost moths
  A quicksilver dragon zombie (Crypt:5)
  A draconian knight (D:27)
  Gastronok (Lair:3)
  3 draconian zealots
  A ghost moth (shapeshifter) (Vaults:8)
  2 fire giants
  A draconian annihilator (Zot:1)
  A quicksilver dragon skeleton (Crypt:1)
  35 stone giants
  A draconian caller (Zot:1)
  A grey draconian (Zot:1)
  A green draconian (Zot:1)
  2 purple draconians (Zot:5)
  4 mottled draconians
  3 emperor scorpions (Spider:5)
  3 black draconians
  A deep elf death mage (Vaults:8)
  6 red draconians
  A white draconian (Zot:1)
  2 minotaurs (D:25)
  44 yaktaur captains
  8 dragons
  An ettin (shapeshifter) (Vaults:8)
  13 ettins
  2 storm dragon zombies
  A death cob (Zot:5)
  23 vault guards (Vaults:8)
  2 great orbs of eyes
  2 ice dragons
  12 ogre magi
  A golden dragon zombie (Crypt:5)
  Fannar (D:15)
  Erica (D:12)
  Harold (D:11)
  Josephine (D:14)
  27 hydras
  A ravenous feature mimic (Vaults:5)
  2 wolf spider zombies
  7 dancing weapons
  A rakshasa (D:19)
  2 alligators
  5 stone giant zombies
  A shadow dragon skeleton (Crypt:4)
  3 deep trolls (shapeshifter) (Vaults:8)
  3 fire giant zombies
  A draconian zombie (Zot:5)
  Urug (D:11)
  A sphinx skeleton (D:16)
  An iron dragon skeleton (Crypt:3)
  An orc high priest (Vaults:4)
  4 very ugly things (Vaults:7)
  25 centaur warriors
  4 iron golems
  3 fire giant skeletons
  14 stone giant skeletons
  5 frost giant skeletons
  3 deep elf knights
  7 deep trolls
  An elephant slug zombie (Crypt:3)
  16 hell knights
  2 iron trolls
  23 orc knights
  42 skeletal warriors
  A mottled draconian zombie (Crypt:4)
  3 unseen horrors
  A swamp dragon (shapeshifter) (Vaults:8)
  10 flayed ghosts
  A sea snake zombie (Crypt:4)
  A redback zombie (D:20)
  6 swamp dragons (Swamp:5)
  2 red draconian zombies (Crypt:4)
  An ice statue (Zot:5)
  19 hill giants
  3 wizards
  5 giant amoebae
  15 harpies
  5 orc sorcerers
  A sea snake skeleton (Crypt:5)
  2 iron troll skeletons
  7 necromancers
  A statue (D:24)
  3 crystal golems (Crypt:5)
  6 griffons
  3 phantasmal warriors
  A griffon (shapeshifter) (D:22)
  17 wolf spiders
  17 cyclopes
  3 fire crabs
  4 harpy skeletons
  A griffon zombie (D:14)
  Eustachio (D:6)
  An oklob plant (Lair:3)
  A cyclops (shapeshifter) (Vaults:8)
  6 spiny worms
  A hydra skeleton (D:14)
  A jumping spider zombie (Crypt:4)
  3 red wasp zombies (D:16)
  5 red wasps
  An ettin zombie (D:19)
  An alligator zombie (Crypt:5)
  6 deep dwarf berserkers (Vaults:7)
  A fire crab (shapeshifter) (D:20)
  3 slime creatures (shapeshifter) (Vaults:8)
  7 black mambas
  8 moths of wrath
  A dragon skeleton (D:20)
  13 elephants
  9 spiny frogs
  2 griffon skeletons
  An alligator skeleton (Crypt:5)
  74 slime creatures
  2 queen ants
  A feature mimic (Lair:4)
  A spiny frog (shapeshifter) (Vaults:8)
  2 ettin skeletons
  54 yaktaurs
  An orange demon (D:15)
  4 demonic crawlers
  19 rock trolls
  3 silent spectres (Crypt:4)
  A troll (shapeshifter) (Vaults:1)
  A mermaid (Lair:4)
  100 ugly things
  A smoke demon (D:25)
  Sonja (Orc:4)
  12 komodo dragons
  4 hill giant skeletons
  3 polar bears (Lair:7)
  An iron troll simulacrum (Vaults:2)
  3 human zombies (Crypt:5)
  A spiny frog zombie (Crypt:2)
  2 baby alligator zombies
  3 baby alligators (Swamp:5)
  A rock troll zombie (D:14)
  A spriggan (D:14)
  3 rock troll skeletons
  A raven (shapeshifter) (Vaults:7)
  21 trolls
  4 deep troll skeletons
  A snapping turtle zombie (Crypt:5)
  30 two-headed ogres
  A draconian skeleton (Crypt:5)
  5 ravens
  2 red wasp simulacra
  2 raven skeletons (Crypt:4)
  A griffon simulacrum (Vaults:4)
  A rotting hulk (Crypt:4)
  22 soldier ants
  17 blink frogs
  A merfolk zombie (Crypt:2)
  17 tarantellas
  A tarantella (shapeshifter) (Vaults:7)
  2 sharks (Lair:5)
  95 yaks
  5 wraiths
  4 basilisks
  A bumblebee (Volcano)
  A swamp dragon zombie (Crypt:3)
  4 vampires
  16 jumping spiders
  2 brown oozes (Swamp:1)
  A deep elf conjurer (Vaults:8)
  A fire elemental (D:18)
  A hungry ghost (Crypt:4)
  A swamp dragon skeleton (Crypt:1)
  5 fire drakes
  2 hogs (Volcano)
  33 redbacks
  18 orb spiders
  A trapdoor spider (shapeshifter) (Vaults:8)
  6 wyverns
  21 trapdoor spiders
  A steam dragon (D:11)
  12 swamp worms
  4 deep elf fighters
  2 deep elf summoners
  2 fire crab zombies
  2 merfolk (shapeshifter) (Vaults:8)
  33 vampire mosquitoes
  15 war dogs
  A mermaid zombie (Crypt:4)
  5 yaktaur zombies
  10 hippogriffs
  A rock worm (D:20)
  A fire drake skeleton (Crypt:5)
  2 giant slug zombies
  4 manticores
  7 freezing wraiths
  A manticore zombie (Crypt:5)
  17 necrophages
  3 cyclops zombies
  9 hell hounds
  2 sky beasts
  7 boulder beetles
  3 small abominations
  3 phantoms
  A mermaid skeleton (Crypt:3)
  A yaktaur skeleton (Crypt:1)
  A black bear (D:4)
  2 deep elf priests
  A mottled dragon (Vaults:2)
  4 cyclops skeletons
  7 tengu
  2 rock worm zombies
  8 yellow wasps
  5 giant goldfish
  81 ogres
  43 orc warriors
  8 swamp drakes
  2 nagas (shapeshifter)
  7 ice beasts
  A slave (D:6)
  An ogre (shapeshifter) (D:19)
  12 crocodiles
  A polar bear skeleton (Crypt:3)
  A human skeleton (Crypt:3)
  A bear skeleton (Crypt:3)
  Sigmund (D:2)
  2 troll skeletons (Crypt:4)
  A war dog zombie (Crypt:4)
  3 boring beetles
  13 giant slugs
  11 wargs
  11 wolves
  A basilisk zombie (D:16)
  A giant slug (shapeshifter) (Vaults:8)
  A warg (shapeshifter) (Vaults:8)
  A gnoll sergeant (D:7)
  7 deep elf magi
  5 big kobolds
  A draconian (shapeshifter) (Vaults:8)
  39 centaurs
  2 yellow wasp zombies
  19 water moccasins
  A water moccasin zombie (Crypt:4)
  A giant slug simulacrum (Vaults:4)
  9 agate snails
  6 insubstantial wisps (Swamp:5)
  A basilisk skeleton (D:11)
  23 giant frogs
  A water moccasin skeleton (D:8)
  2 lava fish (D:21)
  An eye of draining (D:14)
  4 killer bees (D:14)
  A killer bee zombie (D:16)
  3 big kobold zombies
  2 brain worm zombies (D:16)
  2 mottled dragon zombies
  A bumblebee simulacrum (D:21)
  19 electric eels
  2 deep dwarf zombies
  12 jellyfish
  A soldier ant simulacrum (D:17)
  11 wights
  5 goliath beetles
  8 crimson imps
  2 elf zombies (Crypt:4)
  A big kobold skeleton (Crypt:2)
  18 hounds
  A quasit (D:12)
  2 shadows
  A hound zombie (D:13)
  26 orc priests
  21 spiders
  3 big fish (Spider:1)
  10 iguanas
  2 hound skeletons
  An orange rat (shapeshifter) (Vaults:8)
  34 orc wizards
  A gnoll shaman (D:10)
  An iguana (shapeshifter) (Vaults:8)
  10 deep elf soldiers
  An orange rat (D:17)
  4 porcupines
  7 scorpions
  54 worker ants
  An elf (shapeshifter) (D:20)
  A steam dragon zombie (Crypt:4)
  20 sheep
  3 worker ant zombies
  An ogre simulacrum (Crypt:5)
  8 boggarts
  3 jellies
  2 goliath beetle zombies
  A mummy (Zot:5)
  15 flying skulls
  3 humans (D:22)
  A sheep zombie (Crypt:5)
  4 giant centipedes
  25 gnolls
  29 green rats
  An iguana skeleton (D:7)
  An inept item mimic (D:3)
  20 adders
  2 adder zombies
  A giant centipede zombie (Crypt:5)
  5 giant mites
  A porcupine skeleton (Crypt:5)
  5 worms
  A bat zombie (Crypt:4)
  4 giant eyeballs
  A gnoll zombie (Crypt:5)
  7 giant geckos
  An orc (shapeshifter) (Vaults:3)
  175 orcs
  A ball python (D:4)
  7 giant cockroaches
  A grey rat (D:17)
  18 hobgoblins
  A hobgoblin (shapeshifter) (D:23)
  48 jackals
  26 kobolds
  14 quokkas
  5 ant larvae (D:12)
  A ball python skeleton (Crypt:5)
  27 bats
  A giant cockroach zombie (Crypt:4)
  A giant gecko skeleton (Crypt:3)
  9 giant newts
  4 giant spores
  22 goblins
  A goblin zombie (Crypt:1)
  2 hobgoblin skeletons
  2 hobgoblin zombies
  13 illusory rakshasas (D:19)
  A kobold skeleton (D:6)
  A kobold zombie (D:5)
  2 orc skeletons
  3 orc zombies (D:25)
  A quokka skeleton (D:4)
  A quokka zombie (D:20)
  40 rats
  A rat skeleton (Crypt:5)
  2 rat zombies
  6 ballistomycetes
  3 fungi
  2 plants
  91 toadstools
2814 creatures vanquished.

Vanquished Creatures (collateral kills)
  A sphinx (Vaults:6)
  6 ogre magi
  2 swamp dragons (Swamp:5)
  A hill giant (D:19)
  A cyclops (Orc:4)
  2 wolf spiders (Spider:5)
  An orc sorcerer (Vaults:2)
  An elephant (Lair:6)
  An ugly thing (D:15)
  A troll (D:12)
  2 two-headed ogres
  A blink frog (Lair:3)
  2 yaks (D:15)
  A vampire mosquito (D:19)
  3 orb spiders
  A redback (Spider:5)
  A deep elf fighter (Vaults:8)
  A hippogriff (Lair:5)
  A hell hound (Lair:8)
  An orc warrior (Vaults:2)
  9 ogres
  A swamp drake (Swamp:5)
  A centaur (D:14)
  A killer bee (D:14)
  2 jellyfish (Spider:5)
  An orc priest (Vaults:2)
  4 worker ants (D:12)
  A scorpion (Spider:4)
  3 boggarts (D:22)
  5 orcs
  A hobgoblin (Orc:4)
  A kobold (D:14)
  A goblin (Orc:4)
62 creatures vanquished.

Vanquished Creatures (others)
  A phoenix (D:23)
  A yaktaur captain (D:22)
  A vault guard (Vaults:8)
  A hydra (D:18)
  A hydra (shapeshifter) (D:26)
  2 stone giant skeletons
  2 deep elf knights (Elf:2)
  A flayed ghost (D:23)
  Pikel (D:5)
  A harpy (D:23)
  2 oklob plants (Lair:6)
  2 yaktaurs (Vaults:8)
  A rock troll (D:22)
  An ugly thing (D:19)
  A two-headed ogre (Vaults:3)
  An orb spider (Spider:5)
  A yak (D:19)
  A deep elf conjurer (Elf:2)
  3 redbacks
  2 vampire mosquitoes (D:18)
  A yaktaur zombie (D:25)
  An orc warrior (Vaults:8)
  3 slaves (D:6)
  A deep elf priest (Elf:2)
  A tengu (D:23)
  2 deep elf magi
  A rotting devil (D:14)
  2 spiders (Spider:5)
  A deep elf soldier (Elf:2)
  A porcupine (Spider:1)
  An orc wizard (D:25)
  An adder (D:8)
  A worm (D:6)
  4 orcs
  A goblin (D:7)
  A hobgoblin (D:6)
  A human (D:22)
  A jackal (D:6)
  7 kobolds
  A giant newt (D:3)
  3 rats
  4 fungi
  8 pillars of salt
  2 plants
  592 toadstools
669 creatures vanquished.

Grand Total: 3545 creatures vanquished

Action                   |  1- 3 |  4- 6 |  7- 9 | 10-12 | 13-15 | 16-18 | 19-21 | 22-24 | 25-27 || total
-------------------------+-------+-------+-------+-------+-------+-------+-------+-------+-------++-------
Melee: Quarterstaff      |   141 |   194 |   596 |    40 |       |       |       |       |       ||   971
       Dagger            |       |       |    52 |   463 |   940 |   719 |   729 |   219 |    56 ||  3178
       Falchion          |       |       |       |       |    36 |     3 |       |       |       ||    39
       Lajatang          |       |       |       |       |       |       |   403 |  3395 |  1346 ||  5144
 Fire: Sling             |       |    41 |    32 |     8 |       |       |       |       |       ||    81
       Blowgun           |       |    16 |    61 |    35 |       |       |       |       |       ||   112
Throw: Stone             |     3 |     1 |    15 |    17 |     6 |     5 |     3 |     6 |    12 ||    68
 Cast: Confuse           |       |       |    97 |    75 |    93 |   140 |   166 |    43 |     1 ||   615
       Corona            |       |       |     8 |       |     1 |     5 |       |       |       ||    14
       Ensorcelled Hiber |       |       |    13 |   380 |   328 |   264 |   296 |   108 |     5 ||  1394
       Apportation       |       |       |    13 |       |     4 |     5 |    15 |    12 |     2 ||    51
       Enslavement       |       |       |     5 |    15 |    51 |    25 |    16 |    45 |       ||   157
       Blink             |       |       |     1 |    10 |    10 |     5 |     5 |     8 |     3 ||    42
       Invisibility      |       |       |       |     8 |    45 |    27 |    32 |    15 |    10 ||   137
       Passwall          |       |       |       |       |    13 |    37 |    32 |     6 |     3 ||    91
       Swiftness         |       |       |       |       |       |     6 |     9 |     1 |    16 ||    32
       Repel Missiles    |       |       |       |       |       |     2 |    15 |    32 |    41 ||    90
       Control Teleport  |       |       |       |       |       |       |     4 |     4 |       ||     8
       Haste             |       |       |       |       |       |       |     2 |    13 |    15 ||    30
       Flight            |       |       |       |       |       |       |       |       |    11 ||    11
       Insulation        |       |       |       |       |       |       |       |       |     5 ||     5
       Dig               |       |       |       |       |       |       |       |       |    15 ||    15
Invok: Vitalisation      |       |     5 |     3 |    12 |    17 |     3 |     3 |    26 |    20 ||    89
       Recite            |       |     3 |     1 |       |       |     4 |     4 |     4 |       ||    16
       Imprison          |       |       |       |       |     1 |     1 |       |       |     3 ||     5
       Sanctuary         |       |       |       |       |       |       |     1 |       |       ||     1
 Abil: Evoke Teleportati |       |       |       |       |       |       |     5 |     3 |       ||     8
       Evoke Levitation  |       |       |       |       |       |       |       |    10 |       ||    10
       Stop Levitating   |       |       |       |       |       |       |       |     7 |       ||     7
Evoke: Wand              |       |     1 |    13 |     8 |    18 |    27 |     4 |    13 |     2 ||    86
  Use: Scroll            |       |    12 |     7 |    12 |    24 |     5 |    18 |    18 |    12 ||   108
       Potion            |       |     1 |     1 |     3 |     1 |       |     4 |     2 |    14 ||    26

Notes
Turn   | Place    | Note
--------------------------------------------------------------
     0 | D:1      | clouded, the Sludge Elf Priest, began the quest for the Orb.
     0 | D:1      | Reached XP level 1. HP: 14/14 MP: 2/2
     4 | D:1      | Acquired Zin's second power
   171 | D:1      | Reached XP level 2. HP: 19/19 MP: 5/5
   521 | D:1      | Reached skill level 4 in Staves
   833 | D:2      | Noticed an orc warrior
   841 | D:1      | HP: 2/19 [orc warrior/glowing orcish halberd (8)]
  1115 | D:2      | Reached XP level 3. HP: 22/24 MP: 7/7
  1278 | D:2      | Noticed Sigmund
  2030 | D:3      | Reached XP level 4. HP: 27/30 MP: 9/9
  2386 | D:3      | Reached skill level 5 in Staves
  2828 | D:4      | Reached XP level 5. HP: 32/35 MP: 12/12
  2936 | D:4      | Found a glowing silver altar of Zin.
  3084 | D:4      | Found Puoruiv's Book Boutique.
  3095 | D:4      | stabber might be fun
  3182 | D:4      | Found a deep blue altar of Sif Muna.
  3389 | D:4      | Reached skill level 2 in Dodging
  3658 | D:4      | Noticed a black bear
  3660 | D:4      | that on D:4?
  3767 | D:4      | Found a staircase to the Ecumenical Temple.
  3777 | Temple   | Entered the Ecumenical Temple
  4182 | D:3      | Reached skill level 6 in Staves
  4287 | D:5      | Entered Level 5 of the Dungeon
  4327 | D:5      | Got a citrine-encrusted animal skin
  4342 | D:5      | HP: 6/35 [iguana (14)]
  4660 | D:5      | Reached skill level 3 in Dodging
  4660 | D:5      | Reached XP level 6. HP: 35/40 MP: 14/14
  4970 | D:5      | Acquired Zin's third power
  5116 | D:5      | Identified the +0 animal skin of Lifelessness (You found it on level 5 of the Dungeon)
  5391 | D:5      | HP: 4/41 [gnoll/orcish spear of chaos (8)]
  5391 | D:5      | HP: 1/41 [gnoll/orcish spear of chaos (3)]
  5411 | D:5      | wtf
  5669 | D:5      | Reached skill level 4 in Dodging
  5733 | D:5      | Noticed an ogre
  5983 | D:5      | Reached skill level 1 in Spellcasting
  6009 | D:5      | Reached XP level 7. HP: 45/45 MP: 15/15
  6136 | D:5      | Found a shimmering altar of Xom.
  6245 | D:6      | Noticed Pikel
  6343 | D:6      | blah
  6617 | D:6      | HP: 6/45 [Pikel/whip of electrocution (7)]
  6677 | D:5      | fuck
  6677 | D:5      | HP: 4/45 [Pikel/whip of electrocution (11)]
  6677 | D:5      | Zin protects you from harm!
  6680 | D:5      | You fall through a shaft!
  6680 | D:8      | Noticed a griffon
  6681 | D:8      | ...
  6925 | D:6      | HP: 6/45 [slave[Pikel] (8)]
  7068 | D:5      | Killed Pikel
  7321 | D:6      | Noticed Eustachio
  7377 | D:6      | Your ally freed slave died
  7472 | D:6      | Reached skill level 3 in Spellcasting
  7607 | D:6      | Your ally freed slave died
  7895 | D:6      | Your ally freed slave died
  7975 | D:6      | Reached skill level 4 in Spellcasting
  8202 | D:6      | Reached skill level 7 in Staves
  8440 | D:6      | Reached XP level 8. HP: 51/51 MP: 19/19
  8773 | D:4      | Bought a book of Maledictions for 250 gold pieces
  8776 | D:4      | Learned a level 1 spell: Corona
  8891 | D:7      | Reached skill level 1 in Hexes
  8928 | D:7      | Reached skill level 2 in Hexes
  9098 | D:7      | Found a sparkling altar of Nemelex Xobeh.
  9335 | D:7      | Reached skill level 3 in Hexes
  9501 | D:7      | Learned a level 2 spell: Ensorcelled Hibernation
  9506 | D:7      | Learned a level 3 spell: Confuse
  9687 | D:7      | Found a blossoming altar of Fedhas.
  9853 | D:7      | Reached skill level 4 in Hexes
 10278 | D:7      | Reached skill level 5 in Hexes
 10747 | D:7      | Reached XP level 9. HP: 29/56 MP: 12/21
 10757 | D:7      | Reached skill level 6 in Hexes
 11679 | D:8      | HP: 10/56 [gnoll sergeant/uncursed spear (4)]
 12133 | D:8      | Reached skill level 1 in Stabbing
 12146 | D:8      | Found a staircase to the Orcish Mines.
 12536 | D:8      | Learned a level 4 spell: Enslavement
 12591 | D:8      | Reached skill level 2 in Stabbing
 12916 | D:8      | Learned a level 2 spell: Blink
 13103 | D:8      | Reached skill level 3 in Stabbing
 13258 | D:8      | Learned a level 1 spell: Apportation
 13402 | D:9      | Reached skill level 7 in Hexes
 13896 | D:9      | Reached skill level 4 in Stabbing
 14900 | D:10     | Entered Level 10 of the Dungeon
 15097 | D:10     | Reached skill level 5 in Stabbing
 15293 | D:10     | Found a white marble altar of Elyvilon.
 15678 | D:10     | Noticed a hill giant
 15735 | D:9      | Reached skill level 6 in Stabbing
 15735 | D:9      | Reached XP level 10. HP: 22/59 MP: 22/22
 16424 | D:10     | Killed a hill giant
 16424 | D:10     | Reached skill level 7 in Stabbing
 16686 | D:10     | Reached skill level 1 in Short Blades
 16921 | D:10     | Reached XP level 9. HP: 19/53 MP: 15/30
 16928 | D:10     | HP: 10/53 [wraith (10)]
 16931 | D:10     | Reached skill level 2 in Short Blades
 17292 | D:10     | Reached skill level 8 in Stabbing
 17501 | D:10     | Reached skill level 1 in Stealth
 17731 | D:11     | Paralysed by a giant eyeball for 4 turns
 17758 | D:11     | Reached XP level 10. HP: 59/59 MP: 22/22
 17779 | D:11     | Noticed Urug
 17818 | D:11     | Reached skill level 3 in Short Blades
 17818 | D:11     | Reached skill level 2 in Stealth
 18137 | D:11     | Noticed Harold
 18284 | D:11     | Acquired Zin's fourth power
 18347 | D:11     | Reached skill level 3 in Stealth
 18739 | D:12     | Found Wucik's Food Shoppe.
 18970 | D:12     | Reached skill level 4 in Short Blades
 18970 | D:12     | Reached skill level 1 in Translocations
 19092 | D:11     | Noticed a centaur warrior
 19105 | D:11     | Killed a centaur warrior
 19105 | D:11     | Reached skill level 5 in Short Blades
 19105 | D:11     | Reached skill level 3 in Translocations
 19572 | D:12     | Noticed a cyclops
 19795 | D:12     | Noticed Erica
 19870 | D:12     | Reached skill level 6 in Short Blades
 19919 | D:12     | Reached skill level 8 in Hexes
 20160 | D:12     | Reached XP level 11. HP: 48/63 MP: 23/24
 20327 | D:12     | D:13 lair then?
 20456 | D:13     | apparently not
 21519 | D:9      | Reached skill level 9 in Stabbing
 21670 | D:11     | wtf
 21886 | D:11     | ...
 22166 | D:12     | Reached skill level 9 in Hexes
 22348 | D:12     | Noticed a cyclops
 22412 | D:12     | Found Weriar's Assorted Antiques.
 22414 | D:12     | Found a glowing golden altar of the Shining One.
 22438 | D:12     | Found a glowing silver altar of Zin.
 22442 | D:12     | Bought 2 scrolls of identify for 92 gold pieces
 22445 | D:12     | Found a white marble altar of Elyvilon.
 22758 | D:13     | Noticed a hill giant
 22796 | D:13     | Killed a hill giant
 22880 | D:13     | heyy
 22884 | D:13     | Noticed a centaur warrior
 22886 | D:13     | not sure how I didn't notice that structure
 22896 | D:13     | Killed a centaur warrior
 23158 | D:13     | Reached skill level 10 in Stabbing
 23158 | D:13     | Reached skill level 10 in Hexes
 23268 | D:13     | Found a staircase to the Lair.
 23277 | Lair:1   | Entered Level 1 of the Lair of Beasts
 23320 | D:13     | HP: 1/63 [yak (13)]
 23649 | D:13     | Reached skill level 4 in Stealth
 23808 | Lair:1   | Reached skill level 5 in Spellcasting
 24300 | Lair:1   | Reached skill level 6 in Spellcasting
 24594 | Lair:2   | Reached skill level 11 in Hexes
 25609 | Lair:2   | Reached XP level 12. HP: 69/69 MP: 26/26
 25923 | Lair:3   | Noticed Gastronok
 25973 | Lair:3   | Reached skill level 12 in Hexes
 26038 | Lair:2   | Learned a level 6 spell: Invisibility
 26257 | Lair:3   | Found a snail-covered altar of Cheibriados.
 26646 | Lair:3   | Noticed an eight-headed hydra
 26717 | Lair:3   | Noticed a seven-headed hydra
 26886 | Lair:4   | Found a hole to the Spider Nest.
 26925 | Lair:4   | Found an iron altar of Okawaru.
 26935 | Lair:4   | Reached skill level 5 in Stealth
 27583 | Lair:4   | Reached skill level 7 in Spellcasting
 27584 | Lair:4   | Reached skill level 6 in Stealth
 27811 | Lair:5   | Reached skill level 7 in Stealth
 27944 | Lair:4   | Reached skill level 8 in Spellcasting
 27963 | Lair:4   | Found a dark tunnel.
 27979 | Volcano  | Entered a volcano
 28219 | Volcano  | Found a radiant altar of Vehumet.
 28500 | Lair:4   | Noticed an eight-headed hydra
 28890 | Lair:4   | Got an encrusted falchion
 28898 | Lair:4   | Reached skill level 1 in Traps & Doors
 29295 | Lair:5   | Reached skill level 2 in Traps & Doors
 29781 | Lair:5   | Reached skill level 3 in Traps & Doors
 30114 | Lair:5   | Reached skill level 7 in Short Blades
 30359 | Lair:6   | Reached skill level 4 in Traps & Doors
 30403 | Lair:6   | Reached XP level 13. HP: 74/74 MP: 30/30
 30600 | Lair:6   | Reached skill level 5 in Traps & Doors
 30623 | Lair:6   | Noticed an eight-headed hydra
 30676 | Lair:6   | Killed an eight-headed hydra
 30676 | Lair:6   | Reached skill level 3 in Fighting
 30795 | Lair:6   | Reached skill level 4 in Fighting
 30795 | Lair:6   | Reached skill level 8 in Short Blades
 31352 | Lair:5   | Noticed an eight-headed hydra
 31479 | Lair:2   | Identified the falchion of the Moon {freeze, Int+4 SInv} (You found it on level 4 of the Lair of Beasts)
 31594 | Lair:5   | Reached skill level 5 in Fighting
 31794 | Lair:7   | Found a frozen archway.
 31796 | Lair:7   | Noticed an ice dragon
 32052 | Lair:7   | Killed an ice dragon
 32052 | Lair:7   | Reached skill level 6 in Invocations
 32052 | Lair:7   | Reached skill level 9 in Short Blades
 32079 | IceCv    | Entered an ice cave
 32527 | Lair:7   | Reached skill level 7 in Invocations
 32602 | Lair:7   | Noticed an eight-headed hydra
 32618 | Lair:7   | Killed an eight-headed hydra
 32847 | Lair:7   | Reached skill level 8 in Invocations
 33268 | Lair:7   | Reached skill level 10 in Short Blades
 33381 | Lair:7   | Got a fine platinum ring
 33391 | Lair:7   | Identified the ring of Sloth (You found it on level 7 of the Lair of Beasts)
 33401 | Lair:7   | Reached skill level 8 in Stealth
 33670 | Lair:8   | Entered Level 8 of the Lair of Beasts
 33922 | Lair:8   | Reached skill level 9 in Invocations
 33945 | Lair:8   | Identified a scroll of acquirement
 33961 | Lair:8   | Noticed a seven-headed hydra
 33972 | Lair:8   | Killed a seven-headed hydra
 33972 | Lair:8   | Reached skill level 9 in Stealth
 34131 | Lair:8   | Noticed a six-headed hydra
 34148 | Lair:8   | Killed a six-headed hydra
 34684 | Lair:8   | Reached skill level 10 in Invocations
 34825 | Lair:8   | Reached XP level 14. HP: 74/83 MP: 22/31
 34873 | Lair:8   | Reached skill level 10 in Stealth
 34906 | Lair:8   | Got a crude jade ring
 34907 | Lair:8   | Identified the ring "Egurafitoe" (You found it on level 8 of the Lair of Beasts)
 35630 | D:8      | Killed a griffon
 35674 | D:6      | Killed Eustachio
 35768 | D:4      | Bought a book of Burglary for 750 gold pieces
 35772 | D:4      | Learned a level 2 spell: Swiftness
 35776 | D:4      | Learned a level 3 spell: Passwall
 35843 | D:4      | Killed a black bear
 36252 | D:13     | Reached skill level 1 in Charms
 36293 | D:13     | Noticed a five-headed hydra
 36303 | D:13     | Killed a five-headed hydra
 36511 | D:13     | Noticed a hill giant
 36516 | D:13     | Killed a hill giant
 36516 | D:13     | Reached skill level 2 in Charms
 36673 | D:14     | Entered Level 14 of the Dungeon
 36956 | D:13     | Gained mutation: You are clumsy (Dex -1). [mutagenic glow]
 37396 | D:14     | Found a staircase to the Vaults.
 37546 | D:14     | Noticed Josephine
 37724 | D:14     | Killed Josephine
 37724 | D:14     | Reached skill level 3 in Charms
 37747 | D:14     | Reached skill level 11 in Stabbing
 38685 | D:14     | Reached skill level 1 in Transmutations
 38695 | D:14     | Reached skill level 2 in Transmutations
 38798 | D:14     | Reached skill level 3 in Transmutations
 38970 | D:15     | Entered Level 15 of the Dungeon
 38977 | D:15     | Reached skill level 4 in Transmutations
 39285 | D:15     | Noticed Fannar
 39298 | D:15     | Killed Fannar
 39298 | D:15     | Reached skill level 11 in Stealth
 39420 | D:15     | Reached skill level 5 in Dodging
 39546 | D:15     | Noticed Nergalle
 39567 | D:15     | You fall through a shaft!
 40135 | D:16     | Reached skill level 6 in Dodging
 40371 | D:16     | Reached skill level 12 in Stabbing
 40555 | D:15     | Noticed Agnes
 40634 | D:16     | Reached XP level 15. HP: 88/88 MP: 32/32
 40704 | D:16     | Reached skill level 7 in Dodging
 40704 | D:16     | Reached skill level 12 in Stealth
 41259 | Orc:1    | Entered Level 1 of the Orcish Mines
 41526 | Orc:1    | Found a bloodstained altar of Trog.
 41981 | Orc:2    | Found a shimmering altar of Xom.
 42057 | Orc:2    | Found Psaewa's Antique Weapon Shop.
 42291 | Orc:3    | Found a roughly hewn altar of Beogh.
 42407 | Orc:3    | Found a staircase to the Elven Halls.
 42995 | Orc:4    | Entered Level 4 of the Orcish Mines
 43012 | Orc:4    | Found Xuarripn's Antique Armour Shop.
 43054 | Orc:4    | HP: 16/88 [troll (14)]
 43363 | Orc:4    | Noticed Sonja
 43370 | Orc:4    | Killed Sonja
 43645 | Orc:4    | Reached skill level 8 in Dodging
 43999 | Orc:4    | Found Sahazoho's Antique Armour Boutique.
 44005 | Orc:4    | Found Vaucac's Magical Wand Shoppe.
 44006 | Orc:4    | Bought a glowing robe for 22 gold pieces
 44405 | Orc:4    | Found Isiughax's Food Shop.
 44440 | Orc:4    | Found Ybupsuw's Armour Boutique.
 44460 | Orc:4    | Bought a bread ration for 40 gold pieces
 44460 | Orc:4    | Bought a bread ration for 40 gold pieces
 45648 | D:12     | Killed Erica
 45855 | Elf:1    | Entered Level 1 of the Elven Halls
 45884 | Elf:1    | Reached skill level 13 in Stealth
 46092 | Elf:1    | Found Suusagg's Jewellery Emporium.
 46099 | Elf:1    | Bought a cursed ring of hunger for 30 gold pieces
 46386 | Elf:1    | Reached skill level 9 in Dodging
 47880 | D:16     | Reached skill level 13 in Stabbing
 48203 | Vaults:1 | Entered Level 1 of the Vaults
 48321 | Vaults:1 | Reached skill level 10 in Dodging
 48450 | Vaults:1 | Reached skill level 11 in Invocations
 49215 | Vaults:2 | Reached skill level 14 in Stealth
 49278 | Vaults:2 | Reached XP level 16. HP: 89/95 MP: 16/32
 49638 | Vaults:2 | Found Planaa's Magical Wand Shoppe.
 49820 | Vaults:2 | Noticed a sphinx
 49981 | Vaults:2 | woah
 50408 | Vaults:3 | Reached skill level 14 in Stabbing
 50408 | Vaults:3 | Reached skill level 12 in Invocations
 51774 | Vaults:3 | Learned a level 2 spell: Repel Missiles
 51817 | Vaults:3 | Reached skill level 13 in Invocations
 52048 | Vaults:3 | Found a staircase to the Crypt.
 52158 | Vaults:3 | Found Thirain's Assorted Antiques.
 52168 | Vaults:3 | Bought a pair of orcish gloves for 26 gold pieces
 52273 | Vaults:4 | Found Bucweaf's Antique Armour Boutique.
 52334 | Vaults:4 | Bought a glowing robe for 23 gold pieces
 52820 | Vaults:4 | Reached skill level 15 in Stabbing
 53863 | Vaults:4 | Reached XP level 17. HP: 81/99 MP: 22/34
 53927 | Vaults:4 | Found Anaat's Antique Armour Shoppe.
 53988 | Vaults:4 | Found Bleutt's Magical Wand Emporium.
 54467 | Vaults:3 | Noticed a shadow dragon
 54649 | Lair:2   | Learned a level 4 spell: Control Teleport
 54739 | D:11     | Noticed an unseen horror
 54742 | D:11     | Killed an unseen horror
 54804 | D:11     | Killed Urug
 54871 | D:11     | Killed Harold
 55302 | Vaults:3 | Noticed a shadow dragon
 55326 | Vaults:3 | wow that's a lot of shadow dragons
 55345 | Vaults:3 | Noticed an ancient lich
 55346 | Vaults:3 | woah
 55484 | D:16     | Reached skill level 9 in Spellcasting
 55791 | D:17     | Reached skill level 4 in Charms
 55862 | D:17     | Found a radiant altar of Vehumet.
 56468 | D:18     | Reached skill level 1 in Earth Magic
 56838 | D:18     | Reached skill level 2 in Earth Magic
 56931 | D:18     | Reached skill level 5 in Charms
 56963 | D:18     | Reached skill level 10 in Spellcasting
 56982 | D:18     | Noticed Norris
 56982 | D:18     | Noticed Azrael
 57279 | D:19     | Reached skill level 3 in Earth Magic
 57565 | D:19     | Reached skill level 4 in Earth Magic
 57929 | D:19     | Reached skill level 6 in Charms
 58263 | D:19     | Reached XP level 18. HP: 79/105 MP: 14/36
 58372 | D:19     | Got a yellowed book
 58373 | D:19     | Identified Sif Muna's Papyrus of Shape Shifting (You found it on level 19 of the Dungeon)
 58508 | D:19     | Noticed Frances
 58585 | D:19     | Killed Frances
 58847 | D:19     | Reached skill level 11 in Spellcasting
 59466 | D:20     | Entered Level 20 of the Dungeon
 60005 | D:20     | Reached skill level 7 in Charms
 61181 | D:21     | Reached skill level 12 in Spellcasting
 61397 | D:21     | Reached skill level 8 in Charms
 61728 | D:21     | Noticed aleksiL's ghost (mighty HEHu)
 62010 | D:21     | Found a gateway to Hell.
 62025 | D:21     | Found a one-way gate to the infinite horrors of the Abyss.
 62403 | D:22     | Noticed Mennas
 62404 | D:22     | Found a flickering gateway to a bazaar.
 62406 | D:22     | he better be cool
 62447 | Bazaar   | Entered a bazaar
 62447 | Bazaar   | Found Pazog's Antique Weapon Emporium.
 62447 | Bazaar   | Found Vuokac Ecvad's Assorted Antiques.
 62451 | Bazaar   | Found Montisy's Weapon Shoppe.
 62464 | Bazaar   | Found Skyo's Assorted Antiques.
 62473 | Bazaar   | Bought a potion of resistance for 140 gold pieces
 62473 | Bazaar   | Bought a potion of curing for 40 gold pieces
 62484 | Bazaar   | Bought a scroll of magic mapping for 77 gold pieces
 62484 | Bazaar   | Bought 2 potions of curing for 88 gold pieces
 62484 | Bazaar   | Bought a scroll of identify for 44 gold pieces
 63131 | D:22     | Reached skill level 9 in Charms
 63353 | D:22     | Reached skill level 8 in Staves
 63354 | D:22     | nice
 63458 | D:22     | Reached XP level 19. HP: 90/110 MP: 25/38
 63478 | D:22     | yeah there is!!
 64162 | D:23     | HP: 17/110 [centaur warrior/runed great mace (21)]
 64163 | D:23     | HP: 6/110 [centaur warrior/runed great mace (21)]
 64587 | D:23     | Noticed a storm dragon
 64602 | D:23     | Killed a storm dragon
 64611 | D:23     | Got a slimy falchion
 64801 | D:23     | Reached skill level 9 in Staves
 64829 | D:23     | Noticed a sphinx
 64989 | D:23     | Found a portal to a secret trove of treasure.
 65235 | D:23     | Noticed Saint Roka
 65611 | D:24     | Found a one-way gate leading to the halls of Pandemonium.
 65649 | D:24     | Reached skill level 10 in Charms
 66391 | D:24     | Reached skill level 10 in Staves
 66493 | D:24     | Found a deep blue altar of Sif Muna.
 67365 | D:25     | Entered Level 25 of the Dungeon
 67674 | D:25     | Noticed a sphinx
 69421 | D:4      | Bought a book of Enchantments for 500 gold pieces
 69430 | D:4      | Learned a level 6 spell: Haste
 69811 | D:15     | Killed Agnes
 69811 | D:15     | Reached skill level 11 in Staves
 69811 | D:15     | Reached skill level 11 in Charms
 69815 | D:15     | yesssss
 70032 | Lair:3   | Killed Gastronok
 70032 | Lair:3   | Reached XP level 20. HP: 115/117 MP: 38/38
 70076 | Lair:3   | Killed a seven-headed hydra
 70201 | Lair:4   | Found a staircase to the Shoals.
 70207 | Lair:4   | the staircase to the Shoals was a mimic.
 70208 | Lair:4   | err what
 70508 | Lair:4   | Found a radiant altar of Vehumet.
 70673 | Lair:3   | Noticed a six-headed hydra
 70693 | Lair:3   | Killed a six-headed hydra
 70736 | Lair:3   | Killed an eight-headed hydra
 71540 | Lair:6   | Reached skill level 6 in Fighting
 71545 | Lair:6   | Found a staircase to the Swamp.
 71546 | Lair:6   | Noticed a four-headed hydra
 71556 | Lair:6   | Killed a four-headed hydra
 72515 | Vaults:5 | Found a staircase to the Hall of Blades.
 73017 | Orc:4    | Bought the +2 pair of boots of the Assassin {+Inv Dex+3 Stlth++} for 1248 gold pieces
 73476 | Vaults:4 | Bought a wand of teleportation (5) for 432 gold pieces
 73607 | Vaults:5 | Reached skill level 7 in Fighting
 73923 | Vaults:5 | Reached skill level 12 in Staves
 73984 | Vaults:5 | Found Zuoledim's Distillery.
 74039 | Vaults:5 | Bought a potion of heal wounds for 63 gold pieces
 74039 | Vaults:5 | Bought a potion of curing for 42 gold pieces
 74112 | Vaults:5 | Found a magical portal.
 74115 | WizLab   | Entered a wizard's laboratory
 74604 | Vaults:5 | Got a pitted turquoise ring
 74608 | Vaults:5 | Got a sapphire great sword
 74618 | Vaults:5 | Identified the ring of Ghaikide (You found it on level 5 of the Vaults)
 74664 | Vaults:5 | Identified the cursed great sword of Dullness {flame, rN+ Int+4} (You found it on level 5 of the Vaults)
 74803 | Vaults:5 | Reached skill level 8 in Fighting
 74924 | Blade    | Entered the Hall of Blades
 74924 | Blade    | Noticed Xtahua
 75626 | Vaults:6 | Reached skill level 9 in Fighting
 76235 | Vaults:6 | Reached skill level 13 in Staves
 76771 | Vaults:7 | Reached XP level 21. HP: 132/132 MP: 35/39
 77031 | Vaults:7 | Reached skill level 1 in Unarmed Combat
 77190 | Vaults:7 | Reached skill level 10 in Fighting
 77621 | Vaults:7 | Found a bloodstained altar of Trog.
 77966 | Vaults:7 | Reached skill level 11 in Dodging
 80013 | D:26     | Reached skill level 14 in Staves
 80293 | D:26     | Reached skill level 12 in Dodging
 80486 | D:26     | Found a flickering gateway to a bazaar.
 80495 | Bazaar   | Entered a bazaar
 80515 | Bazaar   | Found Duhotsoy's Food Boutique.
 80529 | Bazaar   | Found Triklof's Food Shop.
 80543 | Bazaar   | Found Clucara's Food Boutique.
 80568 | Bazaar   | Found Koibobaf's Food Boutique.
 80582 | Bazaar   | Found Geeneimp's Magic Scroll Shop.
 80591 | Bazaar   | Bought a scroll of enchant armour for 93 gold pieces
 80591 | Bazaar   | Bought a scroll of magic mapping for 59 gold pieces
 80591 | Bazaar   | Bought a scroll of identify for 34 gold pieces
 80591 | Bazaar   | Bought a scroll of recharging for 93 gold pieces
 80591 | Bazaar   | Bought a scroll of identify for 34 gold pieces
 80591 | Bazaar   | Bought a scroll of recharging for 93 gold pieces
 81247 | D:27     | Entered Level 27 of the Dungeon
 81675 | Spider:1 | Entered Level 1 of the Spider Nest
 82314 | Spider:1 | Reached skill level 13 in Dodging
 82559 | Spider:1 | Reached skill level 11 in Fighting
 82822 | Spider:1 | Got a polished leather armour
 83021 | Spider:1 | Identified the +3 leather armour "Caozuzeyn" (You found it on level 1 of the Spider Nest)
 83254 | Spider:2 | Reached XP level 22. HP: 145/145 MP: 37/40
 83270 | Spider:2 | Noticed Arachne
 83955 | Spider:4 | Noticed Louise
 84140 | Spider:4 | Killed Louise
 84702 | Spider:4 | Noticed Rupert
 84723 | Spider:5 | Entered Level 5 of the Spider Nest
 84751 | Spider:5 | Was placed under penance by Zin
 84752 | Spider:5 | oh really
 84896 | Spider:4 | squarelos: what did you do
 84896 | Spider:4 | hibernated a friendly spider
 85152 | D:12     | Donated 440 gold pieces to Zin
 85153 | D:12     | Donated 220 gold pieces to Zin
 85154 | D:12     | Donated 110 gold pieces to Zin
 85236 | Lair:2   | Was forgiven by Zin
 86212 | Spider:5 | Reached skill level 12 in Fighting
 86273 | Spider:5 | Reached skill level 14 in Dodging
 86559 | Spider:5 | Got a gossamer rune of Zot
 86945 | Lair:2   | Got a warped helmet
 86946 | Lair:2   | how did I miss that?
 86949 | Lair:2   | Identified the +0 helmet of Conscience (You found it on level 2 of the Lair of Beasts)
 86949 | Lair:2   | good timing on the lev
 87093 | Swamp:1  | Entered Level 1 of the Swamp
 88096 | Swamp:5  | Entered Level 5 of the Swamp
 88447 | Swamp:5  | god damn it
 88982 | Swamp:5  | Reached skill level 13 in Fighting
 89092 | Swamp:5  | Noticed the 27-headed Lernaean hydra
 89102 | Swamp:5  | Killed the 27-headed Lernaean hydra
 89102 | Swamp:5  | Reached skill level 15 in Dodging
 89208 | Swamp:5  | Got a decaying rune of Zot
 89615 | Vaults:3 | Killed a shadow dragon
 89654 | Vaults:3 | Noticed a storm dragon
 89663 | Vaults:3 | Killed a storm dragon
 89690 | Vaults:3 | Noticed a shadow dragon
 89742 | Vaults:3 | Killed a shadow dragon
 89908 | Crypt:1  | Entered Level 1 of the Crypt
 89990 | Crypt:1  | Reached XP level 23. HP: 140/158 MP: 40/40
 90948 | Crypt:2  | Reached skill level 14 in Fighting
 91084 | Crypt:2  | Found a staircase to the Tomb.
 91304 | Crypt:3  | Reached skill level 16 in Dodging
 92255 | Crypt:3  | Noticed Khufu
 92396 | Crypt:4  | Noticed Margery
 92442 | Crypt:4  | Killed Margery
 92590 | Crypt:4  | Found a basalt altar of Yredelemnul.
 92996 | Crypt:4  | Reached skill level 2 in Unarmed Combat
 93253 | Crypt:4  | Reached skill level 15 in Fighting
 93457 | Crypt:4  | Reached skill level 3 in Unarmed Combat
 93987 | Crypt:5  | Entered Level 5 of the Crypt
 94491 | Crypt:5  | Reached skill level 4 in Unarmed Combat
 95347 | Crypt:5  | Reached skill level 5 in Unarmed Combat
 95561 | Crypt:5  | Noticed an ancient lich
 95590 | Crypt:5  | Killed an ancient lich
 95590 | Crypt:5  | Reached skill level 15 in Staves
 95608 | Crypt:5  | Reached skill level 14 in Invocations
 95608 | Crypt:5  | Reached XP level 24. HP: 170/170 MP: 26/41
 95662 | Crypt:5  | Noticed a lich
 95669 | Crypt:5  | Found a basalt altar of Yredelemnul.
 95686 | Crypt:5  | Got a rare book
 96207 | Lair:2   | Identified the Handbook of Harmful Heat (You found it on level 5 of the Crypt)
 96513 | Trove    | Entered a treasure trove
 96520 | Trove    | Got a warped glass ring
 96522 | Trove    | Got a smoking marble ring
 96524 | Trove    | Got a smoking bone ring
 96542 | Trove    | Got an ancient ivory ring
 96544 | Trove    | Got a flickering crystal amulet
 96569 | D:23     | Identified the ring of Nifuof (You found it in a treasure trove)
 96569 | D:23     | Identified the amulet "Klaebior" (You found it in a treasure trove)
 96569 | D:23     | Identified the ring "Wometom" (You found it in a treasure trove)
 96825 | Lair:2   | Identified the ring of Criu (You found it in a treasure trove)
 96826 | Lair:2   | Identified the ring of Tribiykk (You found it in a treasure trove)
 97114 | Vaults:8 | Entered Level 8 of the Vaults
 97477 | Vaults:8 | Reached XP level 23. HP: 141/177 MP: 39/40
 97748 | Vaults:8 | Reached XP level 24. HP: 170/170 MP: 41/41
 97886 | Vaults:8 | Noticed a golden dragon
 98044 | Vaults:8 | Reached skill level 15 in Invocations
 98141 | Vaults:7 | Reached skill level 16 in Staves
 98466 | Vaults:8 | Reached skill level 17 in Dodging
 99163 | Vaults:8 | Killed a golden dragon
 99425 | Vaults:8 | Reached skill level 16 in Fighting
 99489 | Vaults:8 | Got a sparkling iron ring
 99495 | Vaults:8 | Identified the ring "Geruwyef" (You found it on level 8 of the Vaults)
100048 | Vaults:8 | Reached skill level 16 in Invocations
100905 | Vaults:8 | Reached skill level 18 in Dodging
101277 | Vaults:8 | Found Strerailo's Distillery.
101279 | Vaults:8 | Found Gongoa's Food Boutique.
101290 | Vaults:8 | Reached XP level 25. HP: 180/180 MP: 41/41
101311 | Vaults:8 | Found Uthit's Distillery.
101317 | Vaults:8 | Reached XP level 24. HP: 188/188 MP: 38/41
101344 | Vaults:8 | Reached skill level 17 in Fighting
101358 | Vaults:8 | Bought a potion of heal wounds for 51 gold pieces
101358 | Vaults:8 | Bought a potion of curing for 34 gold pieces
101358 | Vaults:8 | Bought a potion of curing for 34 gold pieces
101358 | Vaults:8 | Bought a potion of agility for 42 gold pieces
101395 | Vaults:8 | Got a silver rune of Zot
101435 | Vaults:8 | Reached XP level 25. HP: 180/180 MP: 37/41
101730 | Vaults:8 | Reached skill level 19 in Dodging
101921 | Vaults:8 | Got a conspicuous book
102119 | Vaults:8 | Reached skill level 18 in Fighting
102528 | Lair:2   | Learned a level 3 spell: Tukima's Dance
102533 | Lair:2   | Learned a level 4 spell: Insulation
102538 | Lair:2   | Learned a level 4 spell: Dig
102550 | Lair:2   | Learned a level 3 spell: Flight
102914 | D:27     | Noticed a tentacled monstrosity
102921 | D:27     | Killed a tentacled monstrosity
103255 | D:27     | Reached skill level 20 in Dodging
103515 | D:27     | Found a corrupted altar of Lugonu.
103706 | D:27     | Found Ofrierue's Distillery.
103733 | D:27     | Bought a potion of resistance for 147 gold pieces
103979 | D:27     | Reached skill level 19 in Fighting
103979 | D:27     | Reached XP level 26. HP: 193/193 MP: 42/42
104138 | D:27     | Noticed an angel
104145 | D:27     | Found a glowing golden altar of the Shining One.
104464 | Zot:1    | Entered Level 1 of the Realm of Zot
104856 | Zot:4    | Noticed a golden dragon
104869 | Zot:4    | Killed a golden dragon
104869 | Zot:4    | Reached skill level 21 in Dodging
104880 | Zot:5    | Entered Level 5 of the Realm of Zot
105748 | Zot:5    | Noticed a golden dragon
105780 | Zot:5    | Killed a golden dragon
105811 | Zot:5    | Reached skill level 20 in Fighting
105932 | Zot:5    | Noticed a Killer Klown
105984 | Zot:5    | Killed a Killer Klown
105999 | Zot:5    | Noticed an ancient lich
106061 | Zot:5    | Killed an ancient lich
106061 | Zot:5    | Reached skill level 22 in Dodging
106410 | Zot:5    | Reached XP level 27. HP: 182/205 MP: 36/42
106435 | Zot:5    | Noticed an ancient lich
106509 | Zot:5    | Noticed an orb of fire
106514 | Zot:5    | Noticed a curse toe
106542 | Zot:5    | Killed a curse toe
106584 | Zot:5    | Killed an orb of fire
106612 | Zot:5    | Reached skill level 21 in Fighting
106730 | Zot:5    | Noticed an orb of fire
106763 | Zot:5    | Killed an orb of fire
106765 | Zot:5    | Noticed an ancient lich
106878 | Zot:5    | Noticed an ancient lich
106902 | Zot:5    | Killed an ancient lich
107274 | Zot:5    | Killed an ancient lich
107305 | Zot:5    | Noticed an orb of fire
107381 | Zot:5    | Noticed a Killer Klown
107425 | Zot:5    | Killed an orb of fire
107425 | Zot:5    | Reached skill level 22 in Fighting
107449 | Zot:5    | Killed a Killer Klown
108301 | Zot:5    | Noticed an orb of fire
108330 | Zot:5    | Killed an orb of fire
108330 | Zot:5    | Reached skill level 23 in Fighting
108537 | Zot:5    | Noticed an ancient lich
108559 | Zot:5    | Killed an ancient lich
108565 | Zot:5    | Got the Orb of Zot
108645 | Zot:5    | Noticed a Killer Klown
108847 | D:24     | Noticed Jiwn the pandemonium lord
109109 | D:14     | Noticed Siggirch the pandemonium lord
109354 | D:2      | Killed Sigmund
109439 | D:$      | Escaped with the Orb!
